3063 views
Uploaded 2020-04-21 09:54:40
Game version 1.32.3
13:40 long 2on2 ladder game on (4)Avalanche_LV
Saved by zebroni
3063 views
Uploaded 2020-04-21 09:54:40
Game version 1.32.3
13:40 long 2on2 ladder game on (4)Avalanche_LV
52 units @ 7.6k
/ 0.8k
27 buildings @ 4.2k
/ 1.8k


| Scroll of Speed | 1 | 50 |
| Healing Salve | 3 | 300 |
| Lesser Clarity Potion | 2 | 140 |
| Dust of Appearance | 1 | 75 |
| Potion of Lesser Invulnerability | 1 | 150 |
| total: | 8 | 715g |
| Peon | 10 | 750 | / | 0 |
| Grunt | 8 | 1600 | / | 0 |
| Raider | 5 | 900 | / | 200 |
| Wind Rider | 1 | 265 | / | 40 |
| Kodo Beast | 2 | 510 | / | 120 |
| total: | 26 | 4025g | / | 360w |
| Watch Tower | 3 | 330 | / | 240 |
| Altar of Storms | 1 | 180 | / | 50 |
| Orc Burrow | 4 | 640 | / | 160 |
| Barracks | 1 | 180 | / | 50 |
| Voodoo Lounge | 2 | 260 | / | 60 |
| War Mill | 1 | 205 | / | 0 |
| Beastiary | 3 | 435 | / | 420 |
| Stronghold | 1 | 315 | / | 190 |
| total: | 15 | 2230g | / | 980w |
| 0:01 | Peon |
| 0:02 | Peon |
| 0:06 | Altar of Storms |
| 0:18 | Orc Burrow |
| 0:23 | Peon |
| 0:33 | Barracks |
| 0:41 | Peon |
| 0:51 | Peon |
| 1:13 | Peon |
| 1:22 | Orc Burrow |
| 1:35 | Grunt |
| 1:42 | Peon |
| 1:59 | Voodoo Lounge |
| 2:08 | Wind Walk |
| 2:16 | Grunt |
| 2:52 | Stronghold |
| 3:12 | Grunt |
| 4:05 | Grunt |
| 4:07 | Orc Burrow |
| 4:10 | Voodoo Lounge |
| 4:38 | War Mill |
| 5:27 | Peon |
| 5:48 | Peon |
| 5:58 | Frost Arrows |
| 6:00 | Berserker Strength |
| 6:07 | Peon |
| 6:19 | Scroll of Speed |
| 6:24 | Watch Tower |
| 6:38 | Reinforced Defenses |
| 6:45 | Beastiary |
| 6:47 | Beastiary |
| 6:56 | Watch Tower |
| 6:58 | Watch Tower |
| 7:19 | Grunt |
| 7:50 | Critical Strike |
| 7:57 | Grunt |
| 7:59 | Raider |
| 7:59 | Raider |
| 8:15 | Orc Burrow |
| 8:32 | Ensnare |
| 8:44 | Forked Lightning |
| 8:49 | Potion of Lesser Invulnerability |
| 8:52 | Dust of Appearance |
| 9:07 | Raider |
| 10:15 | Critical Strike |
| 10:28 | Wind Rider |
| 10:30 | Beastiary |
| 10:48 | Grunt |
| 11:36 | Healing Salve |
| 11:36 | Lesser Clarity Potion |
| 11:42 | Kodo Beast |
| 11:43 | Raider |
| 13:25 | Raider |
| 13:25 | Grunt |
| 13:27 | Kodo Beast |
| 13:30 | Healing Salve |
| 13:30 | Lesser Clarity Potion |
| 13:34 | Healing Salve |

| Lesser Clarity Potion | 1 | 70 |
| Staff of Preservation | 1 | 150 |
| Potion of Mana | 1 | 200 |
| Scroll of Town Portal | 1 | 350 |
| Scroll of Protection | 1 | 150 |
| total: | 5 | 920g |
| Wisp | 11 | 660 | / | 0 |
| Huntress | 13 | 2535 | / | 260 |
| Druid of the Claw | 1 | 255 | / | 80 |
| Dryad | 1 | 145 | / | 60 |
| total: | 26 | 3595g | / | 400w |
| Altar of Elders | 1 | 180 | / | 50 |
| Moon Well | 5 | 900 | / | 200 |
| Ancient of War | 2 | 300 | / | 120 |
| Hunter's Hall | 1 | 210 | / | 100 |
| Ancient of Wonders | 1 | 90 | / | 30 |
| Ancient of Lore | 2 | 310 | / | 290 |
| Tree of Ages | 1 | 320 | / | 180 |
| total: | 12 | 1990g | / | 790w |
| 0:05 | Wisp |
| 0:05 | Wisp |
| 0:14 | Altar of Elders |
| 0:21 | Moon Well |
| 0:25 | Wisp |
| 0:26 | Wisp |
| 0:36 | Wisp |
| 0:47 | Wisp |
| 0:47 | Wisp |
| 0:56 | Wisp |
| 1:16 | Wisp |
| 1:42 | Wisp |
| 2:01 | Ancient of War |
| 2:05 | Hunter's Hall |
| 2:09 | Moon Well |
| 2:11 | Wisp |
| 2:21 | Entangling Roots |
| 3:01 | Ancient of War |
| 3:16 | Huntress |
| 3:26 | Moon Well |
| 3:32 | Huntress |
| 3:39 | Huntress |
| 3:45 | Ultravision |
| 3:59 | Huntress |
| 4:26 | Huntress |
| 4:53 | Huntress |
| 5:32 | Huntress |
| 5:43 | Moon Well |
| 5:53 | Strength of the Wild |
| 5:54 | Strength of the Moon |
| 5:59 | Huntress |
| 6:05 | Ancient of Wonders |
| 6:36 | Huntress |
| 6:36 | Huntress |
| 7:05 | Tree of Ages |
| 7:56 | Huntress |
| 8:00 | Force of Nature |
| 8:20 | Moon Well |
| 8:44 | Scroll of Town Portal |
| 8:50 | Scroll of Protection |
| 9:55 | Huntress |
| 10:19 | Huntress |
| 10:52 | Ancient of Lore |
| 10:55 | Ancient of Lore |
| 11:23 | Lesser Clarity Potion |
| 11:24 | Staff of Preservation |
| 11:28 | Potion of Mana |
| 12:14 | Force of Nature |
| 12:36 | Druid of the Claw Adept Training |
| 12:36 | Druid of the Claw |
| 13:03 | Dryad |
61 units @ 7.4k
/ 1.4k
24 buildings @ 4k
/ 1.5k


| Orb of Venom | 1 | 325 |
| Dust of Appearance | 1 | 75 |
| Scroll of Town Portal | 1 | 350 |
| Boots of Speed | 1 | 250 |
| Potion of Lesser Invulnerability | 2 | 300 |
| total: | 6 | 1300g |
| Wisp | 13 | 780 | / | 0 |
| Huntress | 3 | 585 | / | 60 |
| Dryad | 2 | 290 | / | 120 |
| Druid of the Claw | 6 | 1530 | / | 480 |
| total: | 24 | 3185g | / | 660w |
| Altar of Elders | 1 | 180 | / | 50 |
| Moon Well | 6 | 1080 | / | 240 |
| Hunter's Hall | 1 | 210 | / | 100 |
| Ancient of War | 1 | 150 | / | 60 |
| Ancient of Wonders | 1 | 90 | / | 30 |
| Ancient of Lore | 2 | 310 | / | 290 |
| Tree of Ages | 1 | 320 | / | 180 |
| Tree of Eternity | 1 | 330 | / | 200 |
| total: | 12 | 2020g | / | 770w |
| 0:03 | Wisp |
| 0:08 | Altar of Elders |
| 0:20 | Wisp |
| 0:23 | Moon Well |
| 0:30 | Wisp |
| 0:30 | Wisp |
| 0:30 | Wisp |
| 1:01 | Wisp |
| 1:02 | Wisp |
| 1:27 | Wisp |
| 1:46 | Hunter's Hall |
| 1:49 | Ancient of War |
| 1:53 | Wisp |
| 2:02 | Moon Well |
| 2:11 | Mana Burn |
| 2:15 | Wisp |
| 2:15 | Wisp |
| 2:53 | Huntress |
| 2:59 | Tree of Ages |
| 3:24 | Huntress |
| 3:28 | Ultravision |
| 3:52 | Huntress |
| 4:24 | Moon Well |
| 4:30 | Boots of Speed |
| 4:30 | Dust of Appearance |
| 5:34 | Wisp |
| 5:34 | Wisp |
| 5:40 | Ancient of Lore |
| 5:54 | Frost Arrows |
| 5:57 | Ancient of Lore |
| 6:30 | Moon Well |
| 7:03 | Dryad |
| 7:06 | Tree of Eternity |
| 7:28 | Druid of the Claw |
| 7:39 | Abolish Magic |
| 7:45 | Ancient of Wonders |
| 7:50 | Evasion |
| 8:08 | Druid of the Claw Adept Training |
| 8:11 | Moon Well |
| 8:18 | Forked Lightning |
| 8:30 | Druid of the Claw |
| 9:05 | Druid of the Claw |
| 9:10 | Potion of Lesser Invulnerability |
| 9:27 | Druid of the Claw Master Training |
| 9:38 | Orb of Venom |
| 10:22 | Forked Lightning |
| 10:27 | Druid of the Claw |
| 10:29 | Mana Burn |
| 11:03 | Scroll of Town Portal |
| 11:03 | Potion of Lesser Invulnerability |
| 11:40 | Dryad |
| 11:59 | Moon Well |
| 12:09 | Strength of the Wild |
| 12:16 | Mark of the Claw |
| 13:23 | Evasion |
| 13:24 | Druid of the Claw |
| 13:30 | Druid of the Claw |


| Staff of Preservation | 1 | 150 |
| Potion of Healing | 3 | 450 |
| Dust of Appearance | 1 | 75 |
| Boots of Speed | 1 | 250 |
| total: | 6 | 925g |
| Wisp | 21 | 1260 | / | 0 |
| Archer | 4 | 520 | / | 40 |
| Huntress | 3 | 585 | / | 60 |
| Druid of the Claw | 1 | 255 | / | 80 |
| Dryad | 6 | 870 | / | 360 |
| Mountain Giant | 2 | 700 | / | 200 |
| total: | 37 | 4190g | / | 740w |
| Altar of Elders | 1 | 180 | / | 50 |
| Moon Well | 6 | 1080 | / | 240 |
| Ancient of War | 1 | 150 | / | 60 |
| Hunter's Hall | 1 | 210 | / | 100 |
| Ancient of Wonders | 1 | 90 | / | 30 |
| Ancient of Lore | 2 | 310 | / | 290 |
| Tree of Ages | 1 | 320 | / | 180 |
| Tree of Eternity | 1 | 330 | / | 200 |
| total: | 12 | 2020g | / | 770w |
| 0:01 | Wisp |
| 0:02 | Altar of Elders |
| 0:13 | Wisp |
| 0:16 | Moon Well |
| 0:24 | Ancient of War |
| 0:30 | Wisp |
| 0:45 | Wisp |
| 0:45 | Wisp |
| 0:56 | Wisp |
| 0:57 | Wisp |
| 1:28 | Moon Well |
| 1:31 | Archer |
| 1:40 | Wisp |
| 1:40 | Wisp |
| 2:03 | Force of Nature |
| 2:26 | Tree of Ages |
| 2:47 | Archer |
| 3:23 | Moon Well |
| 3:32 | Moon Well |
| 3:36 | Archer |
| 3:54 | Entangling Roots |
| 4:04 | Hunter's Hall |
| 4:22 | Archer |
| 4:30 | Boots of Speed |
| 4:31 | Dust of Appearance |
| 4:58 | Wisp |
| 4:58 | Wisp |
| 4:58 | Wisp |
| 4:58 | Wisp |
| 4:58 | Wisp |
| 5:28 | Huntress |
| 5:44 | Wisp |
| 5:57 | Acid Bomb |
| 6:27 | Huntress |
| 7:04 | Ancient of Lore |
| 7:04 | Ancient of Lore |
| 7:10 | Wisp |
| 8:17 | Ancient of Wonders |
| 8:19 | Huntress |
| 8:21 | Druid of the Claw |
| 8:23 | Druid of the Claw Adept Training |
| 8:26 | Moon Well |
| 8:39 | Abolish Magic |
| 8:42 | Dryad |
| 9:36 | Staff of Preservation |
| 10:02 | Dryad |
| 10:10 | Potion of Healing |
| 10:10 | Potion of Healing |
| 10:10 | Potion of Healing |
| 10:22 | Dryad |
| 10:57 | Mountain Giant |
| 10:58 | Wisp |
| 10:58 | Wisp |
| 10:58 | Wisp |
| 10:58 | Wisp |
| 11:40 | Wisp |
| 12:01 | Mountain Giant |
| 12:13 | Moon Well |
| 12:32 | Dryad |
| 12:38 | Healing Spray |
| 12:56 | Dryad |
| 13:00 | Thorns Aura |
| 13:13 | Dryad |
| 13:39 | Tree of Eternity |
⇛